 Dungeon Crawl Stone Soup version 0.20.1-1-g8b1a95d (console) character file.

2041 hilaritas the Cleaver (level 9, -8/64 HPs)
             Began as a Formicid Fighter on Nov 8, 2017.
             Was a Believer of Okawaru.
             Mangled by an ogre
             ... wielding a +0 giant club
              (24 damage)
             ... on level 6 of the Dungeon.
             The game lasted 00:13:37 (6028 turns).

hilaritas the Cleaver (Formicid Fighter)            Turns: 6028, Time: 00:13:38

Health: -8/64      AC: 13    Str: 25    XL:     9   Next: 48%
Magic:  11/11      EV:  7    Int:  5    God:    Okawaru [**....]
Gold:   322        SH: 12    Dex: 10    Spells: 8/8 levels left

rFire    . . .     SeeInvis +   a - +1 war axe
rCold    . . .     Gourm    .   c - +1 shield
rNeg     . . .     Faith    .   r - +0 chain mail
rPois    .         Spirit   .   (helmet unavailable)
rElec    .         Reflect  .   b - +0 cloak
rCorr    .         Harm     .   x - +0 pair of gloves
MR       .....                  (no boots)
Stlth    ..........             (no amulet)
Regen    0.2/turn               (no ring)
MPRegen  0.2/turn               (no ring)

@: no status effects
A: permanent stasis, dig shafts and tunnels, four strong arms, antennae 3,
yellow scales 1, dopey 1, sense surroundings 1, subdued magic 1
a: Dig, Shaft Self, Heroism, Renounce Religion


You were on level 6 of the Dungeon.
You worshipped Okawaru.
Okawaru was pleased with you.
You were not hungry.

You visited 2 branches of the dungeon, and saw 7 of its levels.

You collected 322 gold pieces.

Inventory:

Hand Weapons
 a - a +1 war axe (weapon)
 p - a +1 flail of protection
 y - a +0 war axe
Missiles
 d - 3 tomahawks (quivered)
Armour
 b - a +0 cloak (worn)
 c - a +1 shield (worn)
 r - a +0 chain mail (worn)
 x - a +0 pair of gloves (worn)
Jewellery
 u - an uncursed ring of flight
Scrolls
 i - 5 scrolls of identify
 l - a scroll of enchant weapon
 m - a scroll of fog
 n - a scroll of fear
 t - a scroll of amnesia
Potions
 e - 4 potions of curing
 j - 3 potions of flight
 k - a potion of magic {unknown}
 q - 2 potions of heal wounds {unknown}
 v - a potion of haste {unknown}
 z - a potion of degeneration {unknown}
 A - 3 potions of mutation
Comestibles
 f - 3 bread rations
 g - a royal jelly
 h - 3 meat rations
 o - 2 fruits
 s - 4 chunks of flesh


   Skills:
 * Level 3.5 Fighting
 - Level 10.1 Axes
 + Level 3.6 Armour
 + Level 7.3 Shields
 * Level 3.5 Invocations


You had 8 spell levels left.
You didn't know any spells.

Dungeon Overview and Level Annotations

Branches:
Dungeon (6/15)             Temple (1/1) D:4

Altars:
Ashenzari
Cheibriados
Elyvilon
Hepliaklqana
Kikubaaqudgha
Makhleb
Okawaru
Ru
Sif Muna
Trog
Uskayaw
Vehumet
Xom
Yredelemnul
The Shining One


Innate Abilities, Weirdness & Mutations

You cannot be hasted, slowed, berserked, paralysed or teleported.
You can dig through walls and to a lower floor.
Your four strong arms can wield two-handed weapons with a shield.
You have a pair of large antennae on your head. (SInv)
You are partially covered in yellow scales. (AC +2)
You are dopey. (Int -2)
You passively map a small area around you.
Your spells are a little easier to cast, but a little less powerful.


Message History

The ogre hits you with a giant club!!
You hit the ogre.
The ogre is severely wounded.
The ogre hits you with a giant club!
The orc wizard mumbles some strange words.
The orc wizard seems to speed up.
Your shield and chain mail prevent you from hitting the ogre.
The ogre is severely wounded.
You block the ogre's attack.
You hit the ogre.
The ogre is severely wounded.
You barely miss the ogre.
The ogre is severely wounded.
You block the ogre's attack.
You hit the ogre.
The ogre is severely wounded.
The ogre hits you with a giant club!
* * * LOW HITPOINT WARNING * * *
The ogre hits you with a giant club!!
You die...

#.#.# #.#
#<# #.#.#
#.# #.#
,#.#
#####.#
#.. *
#.....#
### *, ,
#.##### #
, * #.# #
, * #.# ,,
#.# #.# ,,
#.#######
,
#.....@.#
*
#######O#
#o## *
#O.#
#...o...#
,*
#.###.#.#*
* *, * #
.#..., ,
*, {
**.#*###**
* * * #. *
, , , , #
* , *


You could see 2 ogres and 2 orc wizards.

Vanquished Creatures
  Pikel (D:5)
  Sigmund (D:3)
  Edmund (D:5)
  A sky beast (D:5)
  3 ogres
  A phantom (D:5)
  A centaur (D:5)
  A bullfrog (D:6)
  A water moccasin skeleton (D:4)
  2 scorpions
  3 orc priests
  Crazy Yiuf (D:4)
  A gnoll shaman (D:5)
  A bullfrog skeleton (D:4)
  2 worker ants
  6 orc wizards
  A hound skeleton (D:4)
  8 gnolls
  5 adders
  A shadow imp (D:5)
  3 worms
  5 dart slugs (D:1)
  A leopard gecko (D:1)
  26 orcs
  14 bats
  A giant cockroach (D:3)
  10 goblins
  5 hobgoblins
  2 quokkas
  A ball python (D:2)
  A ball python skeleton (D:4)
  11 frilled lizards
  5 kobolds
  A leopard gecko skeleton (D:4)
  12 rats
140 creatures vanquished.

Notes
Turn   | Place    | Note
-------+----------+-------------------------------------------
     0 | D:1      | hilaritas the Formicid Fighter began the quest for the Orb.
     0 | D:1      | Reached XP level 1. HP: 18/18 MP: 1/1
   213 | D:1      | Reached XP level 2. HP: 24/24 MP: 2/2
   403 | D:1      | Reached XP level 3. HP: 24/29 MP: 3/3
   883 | D:2      | Found a sacrificial altar of Ru.
   894 | D:2      | Reached skill level 3 in Axes
   894 | D:2      | Reached XP level 4. HP: 34/35 MP: 4/4
  1666 | D:2      | Reached XP level 5. HP: 40/41 MP: 5/5
  1776 | D:3      | Reached skill level 4 in Axes
  1987 | D:3      | Noticed Sigmund
  1997 | D:3      | Killed Sigmund
  1997 | D:3      | Reached skill level 5 in Axes
  1997 | D:3      | Reached skill level 5 in Shields
  1997 | D:3      | Reached XP level 6. HP: 34/47 MP: 6/6
  2786 | D:2      | Found a shattered altar of Ashenzari.
  3050 | D:4      | Gained mutation: Your spells are a little easier to cast, but a little less powerful. [potion of mutation]
  3050 | D:4      | Gained mutation: You passively map a small area around you. [potion of mutation]
  3050 | D:4      | Gained mutation: You are dopey. (Int -2) [potion of mutation]
  3050 | D:4      | Gained mutation: You are partially covered in yellow scales. (AC +2) [potion of mutation]
  3173 | D:4      | Noticed an ogre
  3174 | D:4      | Reached XP level 7. HP: 46/52 MP: 7/7
  3175 | D:4      | Reached skill level 6 in Axes
  3645 | D:4      | Reached skill level 7 in Axes
  3758 | D:4      | Found a runed door.
  3885 | D:4      | Found a staircase to the Ecumenical Temple.
  3889 | D:4      | Reached XP level 8. HP: 58/58 MP: 8/8
  3898 | Temple   | Entered the Ecumenical Temple
  3901 | Temple   | Became a worshipper of Warmaster Okawaru
  4199 | D:4      | Noticed Crazy Yiuf
  4204 | D:4      | Killed Crazy Yiuf
  4249 | D:5      | Entered Level 5 of the Dungeon
  4249 | D:5      | Noticed Edmund
  4278 | D:5      | Killed Edmund
  4278 | D:5      | Reached skill level 8 in Axes
  4278 | D:5      | Reached skill level 1 in Invocations
  5027 | D:5      | Reached * piety under Okawaru
  5027 | D:5      | Reached skill level 9 in Axes
  5078 | D:5      | Reached XP level 9. HP: 41/64 MP: 9/11
  5361 | D:5      | Noticed Pikel
  5393 | D:5      | Killed Pikel
  5393 | D:5      | Reached ** piety under Okawaru
  5393 | D:5      | Reached skill level 10 in Axes
  6028 | D:6      | Mangled by an ogre

Skill      XL: |  1  2  3  4  5  6  7  8  9 |
---------------+----------------------------+-----
Shields        | 4 5 6 7 |  7.3
Axes           | 3 5 7 9 10 | 10.1
Invocations    | 2 3 |  3.5
Fighting       | |  3.5
Armour         | |  3.6

Action                   |  1- 3 |  4- 6 |  7- 9 || total
-------------------------+-------+-------+-------++-------
Melee: War axe           |    68 |   184 |   245 ||   497
Throw: Tomahawk          |       |       |     7 ||     7
  Use: Potion            |       |     2 |       ||     2
       Scroll            |       |     8 |     5 ||    13
 Stab: Paralysed         |     1 |     1 |       ||     2
  Eat: Chunk             |       |     8 |     9 ||    17
Armor: Scale mail        |    26 |    72 |    13 ||   111
       Chain mail        |       |       |    65 ||    65
Dodge: Dodged            |    19 |    68 |    55 ||   142
Block: Shield            |    40 |   111 |   132 ||   283
